 Dungeon Crawl Stone Soup version 0.29-a0-1014-ga8c0faee3b (webtiles) character file.

Game seed: 16887028876152996597

4697 BritishOli the Fighter (level 10, -3/82 HPs)
             Began as a Demonspawn Fighter on Aug 9, 2022.
             Was a High Priest of Okawaru.
             Slain by a two-headed ogre
             ... wielding a +0 giant club
              (14 damage)
             ... on level 8 of the Dungeon.
             The game lasted 00:18:21 (8913 turns).

BritishOli the Fighter (Demonspawn Fighter)         Turns: 8913, Time: 00:18:21

Health: -3/82      AC: 13    Str: 21    XL:     10   Next: 21%
Magic:  10/10      EV:  9    Int:  9    God:    Okawaru [*****.]
Gold:   357        SH:  6    Dex: 19    Spells: 9/9 levels left

rFire   . . .      SeeInvis .   a - +0 long sword
rCold   . . .      Faith    .   c - +0 buckler
rNeg    . . .      Spirit   .   m - +0 plate armour
rPois   .          Reflect  .   (no helmet)
rElec   .          Harm     .   h - +0 cloak
rCorr   .          Rampage  .   (no gloves)
Will    .....                   (no boots)
Stlth   ..........              A - amulet "Piviuju" {Acrobat *Corrode Slay+6}
HPRegen 0.23/turn               r - ring of wizardry
MPRegen 0.12/turn               H - +6 ring of dexterity

@: brilliant
A: hooves 2, powered by death 3, powered by pain 1, sturdy frame 1
a: Renounce Religion, Heroism, Finesse, Duel


You were on level 8 of the Dungeon.
You worshipped Okawaru.
Okawaru was extremely pleased with you.
You visited 1 branch of the dungeon, and saw 9 of its levels.

You collected 357 gold pieces.

Inventory:

Hand Weapons
 a - a +0 long sword (weapon)
Missiles
 w - 3 throwing nets (quivered)
Armour
 c - a +0 buckler (worn)
 h - a +0 cloak (worn)
 m - a +0 plate armour (worn)
Jewellery
 b - a ring of magical power
 k - a ring of ice
 r - a ring of wizardry (left hand)
 A - the amulet "Piviuju" (around neck) {Acrobat *Corrode Slay+6}
   (You found it on level 3 of the Dungeon)

   [amulet of the acrobat]

   It increases your evasion while moving and waiting.
   Slay:      It affects your accuracy & damage with ranged weapons and melee
   (+6).
   *Corrode:  It may corrode you when you take damage.
 E - an amulet of the acrobat
 H - a +6 ring of dexterity (right hand)
 I - a ring of flight
 L - a ring of wizardry
Wands
 K - a wand of quicksilver (10)
 N - a wand of polymorph (8)
 Q - a wand of mindburst (10)
Scrolls
 e - 11 scrolls of identify {unknown}
 i - 2 scrolls of amnesia {unknown}
 j - a scroll of silence {unknown}
 l - 3 scrolls of immolation {unknown}
 n - 4 scrolls of noise {unknown}
 o - a scroll of poison {unknown}
 s - 6 scrolls of teleportation {unknown}
 t - 2 scrolls of enchant armour {unknown}
 u - 2 scrolls of vulnerability {unknown}
 v - 2 scrolls of fog {unknown}
 y - 3 scrolls of magic mapping {unknown}
 C - a scroll of enchant weapon {unknown}
 D - 2 scrolls of summoning {unknown}
Potions
 d - 3 potions of might
 f - 2 potions of mutation {unknown}
 g - 5 potions of brilliance
 p - a potion of attraction {unknown}
 q - 5 potions of curing
 x - 4 potions of flight {unknown}
 z - 3 potions of heal wounds {unknown}
 B - a potion of degeneration {unknown}
 F - a potion of lignification {unknown}
 G - 2 potions of resistance {unknown}
 J - a potion of ambrosia {unknown}
 M - a potion of invisibility {unknown}
 O - a potion of magic {unknown}
 P - a potion of cancellation {unknown}


   Skills:
 * Level 8.6 Fighting
 * Level 7.6 Long Blades
 + Level 5.8 Armour
 + Level 4.9 Dodging
 + Level 5.9 Shields


You had 9 spell levels left.
You didn't know any spells.
Your spell library contained the following spells:

 Spells                   Type           Power      Damage    Failure   Level
 Ensorcelled Hibernation  Hex/Ice        0%         N/A       96%         2
 Passwall                 Tmut/Erth      0%         N/A       96%         2
 Sublimation of Blood     Necr           0%         N/A       96%         2
 Swiftness                Air            0%         N/A       99%         3
 Petrify                  Tmut/Erth      0%         N/A       100%        4
 Irradiate                Conj/Tmut      0%         3d11      100%        5


Dungeon Overview and Level Annotations

Branches:
Dungeon (9/15)             Temple (0/1) D:6
   Lair: D:8-11         Orc: D:9-12

Altars:
Cheibriados
Dithmenos
Kikubaaqudgha
Okawaru
Qazlal
Sif Muna
Trog
Vehumet
Wu Jian
Xom


Innate Abilities, Weirdness & Mutations

You have hoof-like feet.
You regenerate a lot of health from kills.
You sometimes gain a little power by taking damage.
Your movements are slightly less encumbered by armour. (ER -2)


Message History

HP restored.
Done exploring.
(D) Dungeon (T) Temple
Where to? (Enter - D:9, ? - help)
You climb downwards.
The two-headed ogre barely misses you. You block the two-headed ogre's attack.
There is a stone staircase leading up here.
The yak barely misses you. The yak completely misses you.
You block the two-headed ogre's attack.
The two-headed ogre hits you with a +0 giant club!!
You climb upwards.
There is a stone staircase leading down here.
You slash the yak!
The yak is moderately wounded.
The yak completely misses you. The yak closely misses you.
You block the two-headed ogre's attack.
The two-headed ogre hits you with a +0 giant club!
You slash the yak! You kick the yak.
The yak is heavily wounded.
The yak gores you but does no damage. The yak gores you.
You hit the yak but do no damage. You kick the yak.
The yak is heavily wounded.
The yak gores you. You block the two-headed ogre's attack.
The two-headed ogre hits you with a +0 giant club.
You block the yak's attack.
You hit the yak. You kick the yak!
The yak is severely wounded.
The yak closely misses you. You block the yak's attack.
The two-headed ogre hits you with a +0 giant club!!
* * * LOW HITPOINT WARNING * * *
The two-headed ogre hits you with a +0 giant club!
* * * LOW HITPOINT WARNING * * *
Okay, then.
It was a potion of brilliance.
You feel clever all of a sudden. You block the yak's attack.
The yak gores you but does no damage.
It was a potion of curing.
You feel better. The yak closely misses you.
The two-headed ogre closely misses you.
The two-headed ogre hits you with a +0 giant club!
You die...

####### #.....# ############ #
#######.###.# #...##.....# ###
#.......# #.# #.#....###.## #.##
#.#####.###.# #...##.# #...
...###.# #.....# ##.###.###.##
....##.## ##..YY# #.........##
...##...## #..#@# #.####.#####
.........# #..#O# #.# #.#
#.###...## #<.#.# #.####.# #>#
##.## #..#.# #....#.# #'## ###
#.##.# #.##.#.## ...## #.##.#
#.#.....# # .)..## ###.##.#
#.#..#..# ## .....## ##.#....#
#.......###.
......####....##########...#.##..


You could see a two-headed ogre and 2 yaks.

Vanquished Creatures
  A troll (D:9)
  Prince Ribbit (D:8)
  A hornet (D:8)
  A shadow (D:9)
  4 wyverns
  2 yaks (D:9)
  A steam dragon (D:7)
  2 water moccasins (D:7)
  4 black bears
  A sky beast (D:6)
  2 ice beasts
  A phantom (D:4)
  A gnoll sergeant (D:9)
  2 kobold brigands
  A necrophage (D:6)
  3 bullfrogs
  4 scorpions (D:6)
  5 killer bees (D:7)
  6 howler monkeys
  4 orc priests
  4 hounds
  A gnoll bouda (D:5)
  An iron imp (D:4)
  Crazy Yiuf (D:7)
  6 iguanas
  2 orc wizards
  A mummy (D:4)
  10 adders
  15 gnolls
  3 white imps
  3 worms
  2 dart slugs
  16 orcs
  4 bats
  10 endoplasms
  6 giant cockroaches
  8 goblins
  6 hobgoblins
  12 jackals
  19 kobolds
  4 quokkas
  8 ball pythons
  A frilled lizard (D:2)
  5 rats
195 creatures vanquished.

Vanquished Creatures (others)
  3 plants (D:2)
3 creatures vanquished.

Grand Total: 198 creatures vanquished

Notes
Turn   | Place    | Note
-------+----------+-------------------------------------------
     0 | D:1      | BritishOli the Demonspawn Fighter began the quest for the
                  | Orb.
     0 | D:1      | Reached XP level 1. HP: 18/18 MP: 1/1
   246 | D:1      | Gained mutation: You regenerate a little health from kills.
                  | [demonic ancestry]
   246 | D:1      | Reached XP level 2. HP: 18/24 MP: 2/2
  1099 | D:2      | Gained mutation: You have large cloven feet. [demonic
                  | ancestry]
  1099 | D:2      | Reached XP level 3. HP: 29/29 MP: 3/3
  1353 | D:2      | Found a faded altar of an unknown god.
  1654 | D:2      | Identified the +2 leather armour of the Volcano {rElec
                  | Will+ Str+4 Slay-4}
  1846 | D:3      | Gained mutation: Your movements are slightly less
                  | encumbered by armour. (ER -2) [demonic ancestry]
  1846 | D:3      | Reached XP level 4. HP: 16/37 MP: 4/4
  2022 | D:3      | Found a bloodstained altar of Trog.
  2071 | D:3      | Reached skill level 1 in Dodging
  2073 | D:3      | Found an iron altar of Okawaru.
  2078 | D:3      | Became a worshipper of Warmaster Okawaru
  2288 | D:3      | Found a shimmering altar of Xom.
  2382 | D:3      | Gained mutation: You regenerate health from kills. [demonic
                  | ancestry]
  2382 | D:3      | Reached XP level 5. HP: 42/42 MP: 5/5
  2418 | D:3      | Reached skill level 4 in Fighting
  3085 | D:3      | Identified the amulet "Piviuju" {Acrobat *Corrode Slay+6}
  3211 | D:3      | Found a shimmering blue altar of Sif Muna.
  3263 | D:4      | Noticed a phantom
  3270 | D:4      | Killed a phantom
  3271 | D:4      | Gained mutation: You sometimes gain a little power by
                  | taking damage. [demonic ancestry]
  3271 | D:4      | Reached XP level 6. HP: 49/49 MP: 6/6
  3295 | D:4      | Reached * piety under Okawaru
  3881 | D:4      | Found a stormy altar of Qazlal.
  4132 | D:4      | Found a snail-covered altar of Cheibriados.
  4139 | D:4      | Reached XP level 7. HP: 47/55 MP: 7/7
  4200 | D:5      | Entered Level 5 of the Dungeon
  4203 | D:5      | Reached skill level 5 in Fighting
  4798 | D:5      | Found an ornate altar of the Wu Jian Council.
  4798 | D:5      | Found an ancient bone altar of Kikubaaqudgha.
  4967 | D:6      | Found a staircase to the Ecumenical Temple.
  5170 | D:6      | Reached ** piety under Okawaru
  5188 | D:6      | Reached XP level 8. HP: 64/64 MP: 8/8
  5297 | D:6      | Reached skill level 6 in Fighting
  5297 | D:6      | Reached skill level 5 in Long Blades
  5935 | D:7      | Reached *** piety under Okawaru
  6164 | D:7      | Found a radiant altar of Vehumet.
  6193 | D:7      | Reached skill level 7 in Fighting
  6193 | D:7      | Gained mutation: You have hoof-like feet. [demonic
                  | ancestry]
  6193 | D:7      | Reached XP level 9. HP: 62/72 MP: 9/9
  6208 | D:7      | Reached skill level 5 in Shields
  6298 | D:7      | Reached skill level 5 in Armour
  6647 | D:7      | Found a runed translucent door.
  6648 | D:7      | Noticed Crazy Yiuf
  6794 | D:7      | Killed Crazy Yiuf
  6962 | D:8      | Reached **** piety under Okawaru
  7093 | D:8      | Found a shadowy altar of Dithmenos.
  7726 | D:8      | Noticed Prince Ribbit
  7729 | D:8      | Killed Prince Ribbit
  7730 | D:8      | Reached skill level 8 in Fighting
  8126 | D:9      | Reached ***** piety under Okawaru
  8169 | D:9      | Noticed a troll
  8174 | D:9      | Killed a troll
  8175 | D:9      | Gained mutation: You regenerate a lot of health from kills.
                  | [demonic ancestry]
  8175 | D:9      | Reached XP level 10. HP: 69/81 MP: 10/10
  8555 | D:9      | Noticed a two-headed ogre
  8911 | D:8      | HP: 2/82 [two-headed ogre/+0 giant club (14)]
  8913 | D:8      | Slain by a two-headed ogre

Illustrated notes

Levels and vault maps discovered:
D:1:      dpeg_arrival_renting, layout_loops_ring, chequers_serial_rivers_room_a
D:2:      layout_loops_cross, basic_ecumenical_altar, serial_bayou_pond_a,
          eino_curves_02
D:3:      layout_loops_corners, mainiacjoe_overflow_small_starburst,
          amcnicky_altar_gilded, nicolae_sif_muna_little_library,
          trog_hazing_becter
D:4:      layout_rooms, slow_altar_2, nicolae_qazlal_general_emergency,
          gup_ossuary_entry_pyramid
D:5:      layout_loops_ring, gammafunk_temple_overflow_wave
D:6:      layout_basic, temple_fountains, kennysheep_minor_cross,
          dk_noncrumbling_4
D:7:      layout_basic, mainiacjoe_overflow_concentric_impassable,
          uniq_crazy_yiuf_cottage
D:8:      layout_loops_corners, lemuel_tele_altar, uniq_prince_ribbit1
D:9:      layout_gridville, grunt_temple_overflow_opulence,
          david_defended_altar_orc

Skill      XL: |  1  2  3  4  5  6  7  8  9 |
---------------+----------------------------+-----
Long Blades    | 2 3 4 6 7 |  7.6
Shields        | 3 4 5 |  5.9
Armour         | 3 4 5 |  5.8
Dodging        | 1 2 3 4 |  4.9
Fighting       | 4 5 7 8 |  8.6

Action                   |  1- 3 |  4- 6 |  7- 9 | 10-12 || total
-------------------------+-------+-------+-------+-------++-------
Melee: Long sword        |   121 |   179 |   247 |    37 ||   584
       Kick              |    12 |    60 |    76 |    16 ||   164
  Use: Potion            |       |       |       |     2 ||     2
Armor: Scale mail        |    25 |       |       |       ||    25
       Plate armour      |    51 |   119 |   119 |     8 ||   297
Dodge: Dodged            |    39 |    94 |   123 |    19 ||   275
Block: Buckler           |    21 |    51 |    89 |    16 ||   177

Table legend: (Time is in decaauts)
 A = Elapsed time spent in this place.
 B = Non-inter-level travel time spent in this place.
 C = Inter-level travel time spent in this place.
 D = Time resting spent in this place.
 E = Time spent auto-exploring this place.
 F = Levels seen in this place.
 G = Mean time per level.
                   A        B        C        D        E       F      G
               +--------+--------+--------+--------+--------+-----+--------+
         Total |   9054 |   8614 |    440 |    944 |   6147 |   9 | 1006.0 |
       Dungeon |   9054 |   8614 |    440 |    944 |   6147 |   9 | 1006.0 |
               +--------+--------+--------+--------+--------+-----+--------+

Top non-repeatable levels by time:
     D:3: 1803 daAuts
     D:8: 1316 daAuts
     D:7: 1172 daAuts
     D:1: 1037 daAuts
     D:2: 810 daAuts
     D:6: 803 daAuts
     D:5: 762 daAuts
     D:9: 708 daAuts
     D:4: 639 daAuts
